 Dungeon Crawl Stone Soup version 0.17-a0-1831-gaadb308 (webtiles) character file.

2100 4thArraOfDagon the Grappler (level 9, -5/88 HPs)
             Began as a Troll Chaos Knight on Sept 14, 2015.
             Was a Believer of Cheibriados.
             Slain by an orc warrior
             ... wielding a +0 halberd
              (6 damage)
             ... in a bailey.
             The game lasted 00:09:39 (1799 turns).

4thArraOfDagon the Grappler (Troll Chaos Knight)    Turns: 1799, Time: 00:09:39

Health: -5/88      AC:  7    Str: 27    XL:     9   Next: 7%
Magic:  6/10       EV: 12    Int: 20    God:    Cheibriados [**....]
Gold:   267        SH:  0    Dex: 16    Spells: 0 memorised, 8 levels left

rFire  . . .     SeeInvis .       - Unarmed
rCold  + + .     Clarity  .     a - +2 robe
rNeg   . . .     SustAt   .     (no shield)
rPois  .         Gourm    +     (helmet restricted)
rElec  .         Spirit   .     (no cloak)
rCorr  .         Warding  .     (gloves unavailable)
rMut   .         Stasis   .     (boots unavailable)
MR     .....                    o - amulet of rage
Stlth  ++........               i - ring of protection from cold
                                g - +4 ring of intelligence

@: very slow, not resistant to hostile enchantments, unstealthy
A: unfitting armour, antennae 1, claws 3, thin skeletal structure 1, blurry
vision 1, cold resistance 1, fast metabolism 3, gourmand, regeneration 2, shaggy
fur 1, tough skin 2, MP-powered wands
a: Bend Time, Renounce Religion, Evoke Berserk Rage


You were in a bailey.
You worshipped Cheibriados.
Cheibriados was pleased with you.
You were very full.

You visited 2 branches of the dungeon, and saw 9 of its levels.
You also visited: Bailey.

You collected 267 gold pieces.

Inventory:

Hand weapons
 n - a +1 giant spiked club of crushing
Armour
 a - a +2 robe (worn)
Jewellery
 g - a +4 ring of intelligence (left claw)
 i - a ring of protection from cold (right claw)
 m - an uncursed amulet of resist corrosion
 o - an amulet of rage (around neck)
Magical devices
 e - a wand of magic darts (14)
 f - a wand of disintegration (10)
 j - a wand of magic darts (13)
 q - a wand of enslavement (0)
Scrolls
 h - a scroll of remove curse
Comestibles
 b - 6 bread rations
 c - 3 beef jerkies
 d - 2 fruits
 k - 4 chunks of flesh
 s - 7 slices of pizza


   Skills:
 + Level 5.2 Fighting
 + Level 4.9 Dodging
 * Level 8.4 Unarmed Combat
 + Level 3.9 Invocations


You had 8 spell levels left.
You didn't know any spells.

Dungeon Overview and Level Annotations

Branches:
Dungeon (8/15)             Temple (1/1) D:5
   Lair: D:8-11

Altars:
Ashenzari
Cheibriados
Dithmenos
Fedhas
Gozag
Kikubaaqudgha
Okawaru
Sif Muna

Annotations:
D:6 Dowan


Innate Abilities, Weirdness & Mutations

You are too large for most types of armour.
You have claws for hands.
Your metabolism is lightning-fast.
You like to eat raw meat.
You heal very quickly.
You are covered in fur (AC +1).
You have very tough skin (AC +2).
You have a pair of small antennae on your head.
You have a somewhat thin skeletal structure (Dex +2, Stealth).
Scrolls take you a little longer to read.
Your flesh is cold resistant.
You expend magic power (3 MP) to strengthen your wands.


Message History

Unknown command.
Unknown command.
The orc warrior closely misses you. The orc warrior barely misses you.
The orc warrior misses you.
Unknown command.
The orc warrior hits you from afar with a spear!!
The orc warrior hits you from afar with a trident!!
Unknown command.
The orc warrior hits you but does no damage.
The orc knight hits you from afar with a glaive!!
* * * LOW HITPOINT WARNING * * *
Unknown command.
Unknown command.
You open the door.
The orc warrior hits you from afar with a trident!
* * * LOW HITPOINT WARNING * * *
The orc knight hits you from afar with a glaive!
* * * LOW HITPOINT WARNING * * *
The orc warrior hits you from afar with a halberd.
You die...

#### ##.........##
∩..#######..≈≈≈≈≈≈≈..##
###...##...≈≈.....≈≈..##
######.##..≈..###..≈≈..##########
........##.))##.##..≈≈..........#
≈≈≈≈≈≈≈#######[: ##..≈≈≈≈≈≈≈≈≈≈.#
≈..##### ... ##.)).......≈.#
≈.##### #####'#############.≈.#
≈.##.$$ #....§@...##.....##.≈.#
≈..## #..≈≈≈≈§§≈..##...##..≈.#
≈≈..## §.≈≈.§ooo§§..'#.##..≈≈.#
.≈≈..# §≈§...⌠o..§≈..#'#..≈≈.##
.≈≈..# .§≈..⌠⌠⌠.§§§..#'#..≈≈.∩#
≈≈..## §.≈≈..§§§§§..##.##..≈≈.#
≈..## #..≈≈≈≈≈§§.§##...##..≈.#
≈.## +#....§....##.....##.≈.#
≈.#############+###'#########.≈.#


You could see an orc knight and 3 orc warriors.

Vanquished Creatures
  Prince Ribbit (D:6)
  A two-headed ogre (D:7)
  A human (D:7)
  A hungry ghost (D:7)
  A hippogriff (D:7)
  A yak (D:7)
  A sky beast (D:5)
  An ice beast (D:6)
  2 phantoms
  A centaur (D:8)
  2 giant frogs (D:6)
  4 wights (D:6)
  3 crimson imps
  A hound (D:7)
  3 orc wizards
  2 centaur skeletons (D:6)
  An orc priest (D:8)
  An iguana (D:7)
  A worker ant (D:8)
  3 sheep (D:7)
  3 adders
  A gnoll (D:1)
  A worm (D:3)
  12 orcs
  A ball python (D:6)
  A giant cockroach (D:1)
  A goblin (D:1)
  6 hobgoblins
  7 jackals
  A quokka (D:4)
  3 bats
  A giant gecko (D:6)
  4 giant newts
  2 kobolds
  2 rats (D:1)
78 creatures vanquished.

Vanquished Creatures (others)
  An orc knight (Bailey)
1 creature vanquished.

Grand Total: 79 creatures vanquished

Notes
Turn   | Place    | Note
--------------------------------------------------------------
     0 | D:1      | 4thArraOfDagon the Troll Chaos Knight began the quest for the Orb.
     0 | D:1      | Reached XP level 1. HP: 22/22 MP: 0/0
    40 | D:1      | Reached XP level 2. HP: 29/29 MP: 1/1
    65 | D:1      | XOM: divination: detect items
   121 | D:1      | XOM: silly message
   131 | D:1      | XOM: harmless Air miscast
   213 | D:2      | Reached XP level 3. HP: 34/36 MP: 2/2
   214 | D:2      | XOM: silly message
   227 | D:3      | XOM: silly message
   267 | D:3      | XOM: harmless Chrm miscast
   289 | D:3      | XOM: divination: detect items
   445 | D:5      | Entered Level 5 of the Dungeon
   461 | D:5      | Found a staircase to the Ecumenical Temple.
   462 | D:5      | Noticed a sky beast
   495 | Temple   | Entered the Ecumenical Temple
   506 | Temple   | Fell from the grace of Xom
   506 | Temple   | Became a worshipper of Cheibriados the Contemplative
   534 | D:5      | Killed a sky beast
   534 | D:5      | Reached skill level 4 in Unarmed Combat
   534 | D:5      | Reached XP level 4. HP: 24/45 MP: 3/3
   534 | D:5      | Reached XP level 5. HP: 28/53 MP: 4/4
   538 | D:5      | Gained mutation: You have a somewhat thin skeletal structure (Dex +2, Stealth). [mutagenic meat]
   669 | D:6      | Reached skill level 5 in Unarmed Combat
   696 | D:7      | Noticed a two-headed ogre
   716 | D:6      | Reached XP level 6. HP: 61/61 MP: 5/5
   799 | D:6      | Noticed an ice beast
   825 | D:6      | Killed an ice beast
   825 | D:6      | Reached skill level 1 in Invocations
   869 | D:6      | Reached XP level 7. HP: 66/70 MP: 5/7
   884 | D:6      | Noticed Dowan
   943 | D:6      | Acquired Cheibriados's first power
   943 | D:6      | Reached skill level 6 in Unarmed Combat
   992 | D:6      | Noticed Prince Ribbit
  1001 | D:6      | Killed Prince Ribbit
  1062 | D:7      | Killed a two-headed ogre
  1062 | D:7      | Reached XP level 8. HP: 28/79 MP: 7/9
  1064 | D:7      | Reached skill level 7 in Unarmed Combat
  1090 | D:7      | XOM: mild Summ miscast
  1113 | D:7      | XOM: draining
  1138 | D:7      | Noticed a hippogriff
  1151 | D:7      | Killed a hippogriff
  1175 | D:7      | Noticed a phantom
  1194 | D:7      | Killed a phantom
  1203 | D:7      | Noticed a hungry ghost
  1218 | D:7      | Killed a hungry ghost
  1292 | D:7      | Reached skill level 5 in Fighting
  1337 | D:7      | Noticed a human
  1338 | D:7      | Noticed a yak
  1339 | D:7      | Found a shattered altar of Ashenzari.
  1350 | D:7      | XOM: mild Divn miscast
  1356 | D:7      | Killed a human
  1356 | D:7      | Reached skill level 8 in Unarmed Combat
  1379 | D:7      | Killed a yak
  1419 | D:8      | Reached XP level 9. HP: 74/88 MP: 10/10
  1425 | D:8      | XOM: give mutations
  1425 | D:8      | Gained mutation: You have a pair of small antennae on your head. [Xom's mischief]
  1425 | D:8      | Gained mutation: Your flesh is cold resistant. [Xom's mischief]
  1425 | D:8      | Gained mutation: Scrolls take you a little longer to read. [Xom's mischief]
  1425 | D:8      | Gained mutation: You expend magic power (3 MP) to strengthen your wands. [Xom's mischief]
  1513 | D:8      | Found a flagged portal.
  1522 | Bailey   | Entered a bailey
  1701 | Bailey   | Noticed an orc knight
  1701 | Bailey   | Noticed an orc knight
  1718 | Bailey   | an orc knight (ally) was killed
  1799 | Bailey   | HP: 1/88 [orc knight/glaive (13)]
  1799 | Bailey   | Slain by an orc warrior

Vault maps used:
D:1:      scummos_arrival_hexagon, serial_bayou_pond_b
D:2:      good_gods_temple_1, overflow_temple_1_default, grunt_ministairs_7
D:3:      first_bread, portal_sewer_entry_e
D:4:      kennysheep_generic_room_11
D:5:      minmay_temple_entry_large_hall, uniq_menkaure
D:6:      lemuel_ice_spiral_2, uniq_duvessa, uniq_prince_ribbit1
D:7:      overflow_temple_1_default, grunt_livestock
D:8:      lair_0_dummy, enter_bailey_1, minmay_holes
Temple:   triangle_lava_temple_12
Bailey:   bailey_polearm_1, bailey

Action                   |  1- 3 |  4- 6 |  7- 9 || total
-------------------------+-------+-------+-------++-------
Melee: Unarmed           |   105 |    39 |   136 ||   280
Invok: Bend Time         |       |       |     1 ||     1
Evoke: Wand              |       |       |    13 ||    13
  Use: Potion            |     2 |       |     2 ||     4
       Scroll            |     2 |       |     4 ||     6
 Stab: Distracted        |     1 |       |       ||     1
  Eat: Chunk             |     7 |     4 |    16 ||    27
       Fruit             |       |       |     2 ||     2
